2991 views
Uploaded 2020-03-06 16:17:59
Game version 1.32.2
41:49 long 3on3 ladder game on (6)BloodstoneMesa_LV
Saved by iggythefisk
2991 views
Uploaded 2020-03-06 16:17:59
Game version 1.32.2
41:49 long 3on3 ladder game on (6)BloodstoneMesa_LV


123 units @ 9.7k
/ 0.3k
455 buildings @ 25.3k
/ 12.1k



| Ivory Tower | 2 | 80 |
| Staff of Sanctuary | 3 | 750 |
| Orb of Fire | 2 | 650 |
| Staff of Teleportation | 3 | 450 |
| Boots of Speed | 1 | 250 |
| Periapt of Vitality | 1 | 325 |
| total: | 12 | 2505g |
| Peasant | 38 | 2850 | / | 0 |
| Dragonhawk Rider | 9 | 1800 | / | 270 |
| total: | 47 | 4650g | / | 270w |
| Scout Tower | 148 | 4440 | / | 2960 |
| Arcane Tower | 1 | 70 | / | 50 |
| Guard Tower | 56 | 3920 | / | 2800 |
| Altar of Kings | 3 | 540 | / | 150 |
| Lumber Mill | 3 | 360 | / | 0 |
| Farm | 15 | 1200 | / | 300 |
| Arcane Vault | 3 | 390 | / | 90 |
| Town Hall | 1 | 385 | / | 205 |
| Barracks | 1 | 160 | / | 60 |
| Blacksmith | 1 | 140 | / | 60 |
| Gryphon Aviary | 5 | 700 | / | 750 |
| Keep | 1 | 320 | / | 210 |
| Castle | 1 | 360 | / | 210 |
| total: | 180 | 8315g | / | 4575w |
| 0:01 | Peasant |
| 0:05 | Altar of Kings |
| 0:14 | Peasant |
| 0:18 | Lumber Mill |
| 0:20 | Peasant |
| 0:32 | Farm |
| 0:41 | Peasant |
| 0:47 | Scout Tower |
| 0:58 | Peasant |
| 1:13 | Peasant |
| 1:20 | Arcane Tower |
| 1:21 | Scout Tower |
| 1:23 | Peasant |
| 1:38 | Peasant |
| 1:44 | Scout Tower |
| 1:47 | Guard Tower |
| 1:49 | Scout Tower |
| 1:50 | Peasant |
| 1:57 | Scout Tower |
| 2:14 | Blizzard |
| 2:15 | Peasant |
| 2:16 | Guard Tower |
| 2:18 | Farm |
| 2:21 | Improved Masonry |
| 2:22 | Guard Tower |
| 2:25 | Scout Tower |
| 2:37 | Peasant |
| 2:55 | Scout Tower |
| 2:57 | Scout Tower |
| 3:01 | Peasant |
| 3:04 | Scout Tower |
| 3:06 | Guard Tower |
| 3:06 | Scout Tower |
| 3:08 | Scout Tower |
| 3:09 | Scout Tower |
| 3:24 | Guard Tower |
| 3:25 | Guard Tower |
| 3:27 | Scout Tower |
| 3:28 | Scout Tower |
| 3:29 | Scout Tower |
| 3:29 | Scout Tower |
| 3:30 | Scout Tower |
| 3:35 | Guard Tower |
| 3:35 | Peasant |
| 3:38 | Scout Tower |
| 3:38 | Scout Tower |
| 4:00 | Guard Tower |
| 4:01 | Peasant |
| 4:02 | Peasant |
| 4:12 | Guard Tower |
| 4:20 | Guard Tower |
| 4:21 | Scout Tower |
| 4:21 | Scout Tower |
| 4:22 | Scout Tower |
| 4:22 | Scout Tower |
| 4:24 | Guard Tower |
| 4:30 | Guard Tower |
| 4:31 | Scout Tower |
| 4:33 | Scout Tower |
| 4:35 | Scout Tower |
| 4:36 | Scout Tower |
| 4:37 | Scout Tower |
| 4:40 | Guard Tower |
| 4:48 | Guard Tower |
| 4:52 | Scout Tower |
| 4:52 | Scout Tower |
| 5:06 | Scout Tower |
| 5:20 | Guard Tower |
| 5:21 | Scout Tower |
| 5:21 | Scout Tower |
| 5:28 | Brilliance Aura |
| 5:28 | Peasant |
| 5:28 | Peasant |
| 5:39 | Scout Tower |
| 5:39 | Scout Tower |
| 5:40 | Scout Tower |
| 5:40 | Scout Tower |
| 5:44 | Guard Tower |
| 5:47 | Guard Tower |
| 5:49 | Scout Tower |
| 5:53 | Guard Tower |
| 5:55 | Peasant |
| 6:11 | Guard Tower |
| 6:22 | Arcane Vault |
| 6:23 | Peasant |
| 6:23 | Peasant |
| 7:00 | Guard Tower |
| 7:01 | Scout Tower |
| 7:02 | Scout Tower |
| 7:02 | Scout Tower |
| 7:03 | Scout Tower |
| 7:04 | Scout Tower |
| 7:04 | Scout Tower |
| 7:04 | Scout Tower |
| 7:05 | Scout Tower |
| 7:38 | Guard Tower |
| 7:41 | Scout Tower |
| 7:41 | Scout Tower |
| 7:47 | Guard Tower |
| 8:08 | Guard Tower |
| 8:16 | Town Hall |
| 8:21 | Guard Tower |
| 8:23 | Scout Tower |
| 8:23 | Scout Tower |
| 8:25 | Scout Tower |
| 8:33 | Arcane Vault |
| 8:40 | Guard Tower |
| 8:45 | Guard Tower |
| 8:58 | Scout Tower |
| 8:58 | Scout Tower |
| 8:59 | Scout Tower |
| 9:00 | Scout Tower |
| 9:01 | Scout Tower |
| 9:02 | Scout Tower |
| 9:09 | Guard Tower |
| 9:22 | Peasant |
| 9:28 | Guard Tower |
| 9:30 | Scout Tower |
| 9:31 | Scout Tower |
| 9:32 | Scout Tower |
| 9:33 | Peasant |
| 10:01 | Guard Tower |
| 10:24 | Scout Tower |
| 10:24 | Scout Tower |
| 10:25 | Guard Tower |
| 10:27 | Peasant |
| 10:27 | Peasant |
| 10:29 | Peasant |
| 10:29 | Peasant |
| 10:53 | Scout Tower |
| 10:53 | Scout Tower |
| 10:56 | Peasant |
| 10:59 | Peasant |
| 10:59 | Peasant |
| 11:01 | Farm |
| 11:15 | Peasant |
| 11:15 | Peasant |
| 11:20 | Farm |
| 11:23 | Peasant |
| 11:23 | Peasant |
| 11:26 | Scout Tower |
| 11:28 | Guard Tower |
| 11:31 | Scout Tower |
| 11:34 | Keep |
| 11:40 | Peasant |
| 11:44 | Scout Tower |
| 11:45 | Scout Tower |
| 11:47 | Scout Tower |
| 11:47 | Scout Tower |
| 11:50 | Staff of Teleportation |
| 12:26 | Guard Tower |
| 12:47 | Scout Tower |
| 12:47 | Scout Tower |
| 12:48 | Scout Tower |
| 12:48 | Scout Tower |
| 12:55 | Blizzard |
| 12:57 | Guard Tower |
| 13:00 | Arcane Vault |
| 13:04 | Peasant |
| 13:04 | Peasant |
| 13:14 | Scout Tower |
| 13:15 | Scout Tower |
| 13:26 | Guard Tower |
| 13:38 | Scout Tower |
| 13:39 | Scout Tower |
| 13:57 | Advanced Masonry |
| 13:57 | Improved Lumber Harvesting |
| 14:01 | Castle |
| 14:02 | Peasant |
| 14:02 | Peasant |
| 14:17 | Guard Tower |
| 14:20 | Scout Tower |
| 14:21 | Scout Tower |
| 14:29 | Scout Tower |
| 14:40 | Scout Tower |
| 14:40 | Scout Tower |
| 15:08 | Gryphon Aviary |
| 15:08 | Gryphon Aviary |
| 15:09 | Gryphon Aviary |
| 15:11 | Barracks |
| 15:12 | Blacksmith |
| 15:39 | Guard Tower |
| 15:56 | Scout Tower |
| 15:57 | Scout Tower |
| 15:57 | Scout Tower |
| 16:13 | Ivory Tower |
| 16:13 | Ivory Tower |
| 16:24 | Animal War Training |
| 16:25 | Studded Leather Armor |
| 16:26 | Storm Bolt |
| 16:28 | Staff of Teleportation |
| 16:28 | Boots of Speed |
| 16:29 | Periapt of Vitality |
| 16:50 | Dragonhawk Rider |
| 16:53 | Farm |
| 16:55 | Imbued Masonry |
| 16:56 | Advanced Lumber Harvesting |
| 16:57 | Farm |
| 17:03 | Guard Tower |
| 17:05 | Scout Tower |
| 17:05 | Scout Tower |
| 17:06 | Scout Tower |
| 17:45 | Reinforced Leather Armor |
| 17:47 | Dragonhawk Rider |
| 18:25 | Guard Tower |
| 18:26 | Guard Tower |
| 18:29 | Scout Tower |
| 18:30 | Scout Tower |
| 19:17 | Dragonhide Armor |
| 19:19 | Staff of Sanctuary |
| 19:24 | Orb of Fire |
| 20:51 | Guard Tower |
| 20:51 | Guard Tower |
| 20:54 | Scout Tower |
| 20:54 | Scout Tower |
| 21:32 | Holy Light |
| 21:37 | Staff of Sanctuary |
| 21:38 | Orb of Fire |
| 21:46 | Scout Tower |
| 21:47 | Scout Tower |
| 21:47 | Scout Tower |
| 21:47 | Scout Tower |
| 21:48 | Scout Tower |
| 22:07 | Bash |
| 22:21 | Scout Tower |
| 22:21 | Scout Tower |
| 22:22 | Scout Tower |
| 22:22 | Scout Tower |
| 22:22 | Scout Tower |
| 22:23 | Scout Tower |
| 22:30 | Scout Tower |
| 22:31 | Scout Tower |
| 22:31 | Scout Tower |
| 22:31 | Scout Tower |
| 22:32 | Scout Tower |
| 22:32 | Scout Tower |
| 22:33 | Guard Tower |
| 22:33 | Scout Tower |
| 22:34 | Scout Tower |
| 22:34 | Scout Tower |
| 22:34 | Scout Tower |
| 22:35 | Scout Tower |
| 22:50 | Guard Tower |
| 22:58 | Staff of Teleportation |
| 23:18 | Altar of Kings |
| 23:19 | Scout Tower |
| 23:20 | Scout Tower |
| 23:20 | Scout Tower |
| 23:20 | Scout Tower |
| 23:21 | Guard Tower |
| 23:23 | Farm |
| 23:25 | Gryphon Aviary |
| 23:27 | Gryphon Aviary |
| 23:29 | Guard Tower |
| 23:30 | Scout Tower |
| 23:30 | Scout Tower |
| 23:31 | Scout Tower |
| 23:32 | Guard Tower |
| 23:35 | Scout Tower |
| 23:36 | Scout Tower |
| 23:36 | Scout Tower |
| 23:36 | Scout Tower |
| 23:37 | Scout Tower |
| 23:37 | Scout Tower |
| 23:38 | Scout Tower |
| 23:38 | Scout Tower |
| 23:39 | Scout Tower |
| 23:39 | Scout Tower |
| 23:40 | Scout Tower |
| 23:40 | Scout Tower |
| 23:45 | Scout Tower |
| 23:46 | Scout Tower |
| 23:46 | Scout Tower |
| 23:47 | Scout Tower |
| 23:48 | Guard Tower |
| 23:51 | Scout Tower |
| 23:52 | Scout Tower |
| 24:02 | Altar of Kings |
| 24:04 | Guard Tower |
| 24:11 | Guard Tower |
| 24:21 | Lumber Mill |
| 24:25 | Guard Tower |
| 24:27 | Scout Tower |
| 24:27 | Scout Tower |
| 24:28 | Scout Tower |
| 24:28 | Scout Tower |
| 24:30 | Guard Tower |
| 24:32 | Guard Tower |
| 24:33 | Guard Tower |
| 24:34 | Guard Tower |
| 24:36 | Scout Tower |
| 24:37 | Scout Tower |
| 24:37 | Scout Tower |
| 24:38 | Scout Tower |
| 24:47 | Lumber Mill |
| 25:13 | Farm |
| 25:13 | Farm |
| 25:15 | Farm |
| 25:16 | Farm |
| 25:16 | Farm |
| 25:17 | Farm |
| 25:28 | Guard Tower |
| 25:54 | Guard Tower |
| 26:02 | Farm |
| 26:02 | Farm |
| 27:38 | Dragonhawk Rider |
| 28:39 | Dragonhawk Rider |
| 28:40 | Dragonhawk Rider |
| 30:44 | Dragonhawk Rider |
| 33:30 | Divine Shield |
| 36:10 | Staff of Sanctuary |
| 36:37 | Dragonhawk Rider |
| 37:14 | Dragonhawk Rider |
| 39:32 | Brilliance Aura |
| 40:05 | Dragonhawk Rider |
| 41:23 | Storm Bolt |
| Right click | 2539 |
| Select | 1183 |
| Select group | 837 |
| Assign group | 192 |
| Build/train/purchase | 185 |
| Use ability | 183 |
| Chat | 41 |
| Resource trade | 23 |
| Minimap ping | 15 |
| Misc. action | 11 |
| Remove unit | 6 |
| Item give/drop | 1 |


| Staff of Preservation | 2 | 300 |
| Orb of Venom | 2 | 650 |
| Moonstone | 3 | 150 |
| Potion of Healing | 5 | 750 |
| Lesser Clarity Potion | 1 | 70 |
| Boots of Speed | 2 | 500 |
| Staff of Teleportation | 2 | 300 |
| Circlet of Nobility | 1 | 175 |
| Potion of Invisibility | 1 | 100 |
| total: | 19 | 2995g |
| Wisp | 53 | 3180 | / | 0 |
| total: | 53 | 3180g | / | 0w |
| Altar of Elders | 1 | 180 | / | 50 |
| Moon Well | 34 | 6120 | / | 1360 |
| Tree of Life | 5 | 1700 | / | 925 |
| Hunter's Hall | 1 | 210 | / | 100 |
| Ancient of Wonders | 2 | 180 | / | 60 |
| Tree of Ages | 1 | 320 | / | 180 |
| Tree of Eternity | 1 | 330 | / | 200 |
| total: | 43 | 8390g | / | 2495w |
| 0:09 | Wisp |
| 0:11 | Altar of Elders |
| 0:12 | Wisp |
| 0:24 | Moon Well |
| 0:27 | Wisp |
| 0:46 | Wisp |
| 1:02 | Wisp |
| 1:12 | Wisp |
| 1:20 | Wisp |
| 1:26 | Wisp |
| 1:47 | Moon Well |
| 1:55 | Wisp |
| 2:10 | Wisp |
| 2:13 | Shadow Strike |
| 2:48 | Wisp |
| 3:01 | Wisp |
| 3:10 | Wisp |
| 3:33 | Wisp |
| 3:34 | Wisp |
| 4:10 | Wisp |
| 4:28 | Wisp |
| 5:09 | Tree of Ages |
| 5:23 | Boots of Speed |
| 6:19 | Moon Well |
| 6:30 | Moon Well |
| 7:43 | Staff of Teleportation |
| 7:43 | Circlet of Nobility |
| 7:50 | Potion of Invisibility |
| 8:08 | Moon Well |
| 8:10 | Moon Well |
| 8:51 | Breath of Fire |
| 8:56 | Wisp |
| 9:13 | Blink |
| 9:17 | Wisp |
| 9:17 | Wisp |
| 9:30 | Wisp |
| 10:00 | Tree of Eternity |
| 10:29 | Tree of Life |
| 11:05 | Moon Well |
| 11:06 | Moon Well |
| 11:28 | Hunter's Hall |
| 11:46 | Moon Well |
| 11:55 | Ancient of Wonders |
| 12:29 | Boots of Speed |
| 12:33 | Staff of Teleportation |
| 13:09 | Wisp |
| 13:09 | Wisp |
| 13:25 | Moon Well |
| 13:33 | Wisp |
| 13:54 | Well Spring |
| 14:24 | Staff of Preservation |
| 14:26 | Ancient of Wonders |
| 14:27 | Moon Well |
| 14:29 | Moon Well |
| 15:10 | Wisp |
| 15:10 | Wisp |
| 15:31 | Wisp |
| 15:38 | Staff of Preservation |
| 16:01 | Orb of Venom |
| 16:29 | Moonstone |
| 16:32 | Moon Well |
| 16:34 | Moon Well |
| 16:35 | Moon Well |
| 16:58 | Drunken Haze |
| 17:23 | Wisp |
| 17:23 | Wisp |
| 17:24 | Wisp |
| 17:24 | Wisp |
| 17:24 | Wisp |
| 18:02 | Moon Well |
| 18:09 | Wisp |
| 18:09 | Wisp |
| 18:14 | Moonstone |
| 18:19 | Potion of Healing |
| 18:22 | Potion of Healing |
| 18:40 | Moon Well |
| 19:19 | Moon Well |
| 19:30 | Lesser Clarity Potion |
| 19:32 | Potion of Healing |
| 20:10 | Wisp |
| 20:10 | Wisp |
| 20:10 | Wisp |
| 20:12 | Wisp |
| 20:12 | Wisp |
| 20:16 | Moonstone |
| 20:22 | Moon Well |
| 20:25 | Potion of Healing |
| 20:27 | Potion of Healing |
| 21:19 | Moon Well |
| 21:19 | Moon Well |
| 21:25 | Tree of Life |
| 21:49 | Wisp |
| 21:49 | Wisp |
| 21:52 | Tree of Life |
| 21:54 | Wisp |
| 21:54 | Wisp |
| 21:54 | Wisp |
| 21:57 | Wisp |
| 22:32 | Moon Well |
| 22:33 | Moon Well |
| 22:56 | Moon Well |
| 22:56 | Moon Well |
| 23:23 | Moon Well |
| 23:32 | Nature's Blessing |
| 23:51 | Wisp |
| 23:51 | Wisp |
| 25:07 | Orb of Venom |
| 28:51 | Shadow Strike |
| 31:45 | Moon Well |
| 31:50 | Moon Well |
| 32:47 | Moon Well |
| 32:51 | Breath of Fire |
| 33:04 | Moon Well |
| 33:54 | Moon Well |
| 33:58 | Moon Well |
| 35:04 | Moon Well |
| 35:06 | Wisp |
| 35:36 | Tree of Life |
| 37:07 | Moon Well |
| 37:42 | Wisp |
| 37:42 | Wisp |
| 37:42 | Wisp |
| 37:42 | Wisp |
| 37:42 | Wisp |
| 38:53 | Drunken Brawler |
| 39:17 | Blink |
| 40:08 | Tree of Life |
| Right click | 3945 |
| Select group | 1308 |
| Select | 473 |
| Assign group | 445 |
| Resource trade | 372 |
| Use ability | 188 |
| Build/train/purchase | 159 |
| Chat | 82 |
| Misc. action | 19 |
| Item give/drop | 5 |
| Minimap ping | 4 |
| Remove unit | 1 |



| Scroll of Regeneration | 1 | 100 |
| Lesser Clarity Potion | 1 | 70 |
| Staff of Sanctuary | 3 | 750 |
| Staff of Teleportation | 3 | 450 |
| Boots of Speed | 3 | 750 |
| Circlet of Nobility | 2 | 350 |
| Periapt of Vitality | 2 | 650 |
| Orb of Venom | 3 | 975 |
| total: | 18 | 4095g |
| Peasant | 20 | 1500 | / | 0 |
| Priest | 3 | 405 | / | 30 |
| total: | 23 | 1905g | / | 30w |
| Scout Tower | 216 | 6480 | / | 4320 |
| Arcane Tower | 6 | 420 | / | 300 |
| Guard Tower | 76 | 5320 | / | 3800 |
| Altar of Kings | 2 | 360 | / | 100 |
| Farm | 7 | 560 | / | 140 |
| Lumber Mill | 2 | 240 | / | 0 |
| Arcane Vault | 3 | 390 | / | 90 |
| Town Hall | 1 | 385 | / | 205 |
| Arcane Sanctum | 1 | 150 | / | 140 |
| Keep | 1 | 320 | / | 210 |
| Castle | 1 | 360 | / | 210 |
| total: | 232 | 8565g | / | 4995w |
| 0:03 | Peasant |
| 0:03 | Peasant |
| 0:08 | Altar of Kings |
| 0:10 | Farm |
| 0:17 | Peasant |
| 0:21 | Peasant |
| 0:32 | Peasant |
| 0:41 | Peasant |
| 0:58 | Farm |
| 0:59 | Peasant |
| 1:01 | Scout Tower |
| 1:09 | Peasant |
| 1:19 | Lumber Mill |
| 1:24 | Peasant |
| 1:28 | Arcane Tower |
| 1:29 | Arcane Tower |
| 1:35 | Scout Tower |
| 1:43 | Peasant |
| 2:01 | Arcane Tower |
| 2:04 | Scout Tower |
| 2:05 | Peasant |
| 2:12 | Scout Tower |
| 2:13 | Blizzard |
| 2:33 | Peasant |
| 2:36 | Scout Tower |
| 2:37 | Guard Tower |
| 2:40 | Peasant |
| 2:42 | Farm |
| 2:55 | Improved Masonry |
| 3:00 | Peasant |
| 3:00 | Guard Tower |
| 3:02 | Scout Tower |
| 3:24 | Guard Tower |
| 3:25 | Scout Tower |
| 3:56 | Guard Tower |
| 3:58 | Arcane Vault |
| 3:59 | Guard Tower |
| 4:00 | Scout Tower |
| 4:01 | Peasant |
| 4:02 | Peasant |
| 4:23 | Staff of Teleportation |
| 4:24 | Boots of Speed |
| 4:25 | Circlet of Nobility |
| 4:36 | Guard Tower |
| 4:40 | Scout Tower |
| 5:06 | Brilliance Aura |
| 5:32 | Town Hall |
| 5:41 | Scroll of Regeneration |
| 5:41 | Lesser Clarity Potion |
| 5:48 | Guard Tower |
| 5:59 | Scout Tower |
| 6:00 | Scout Tower |
| 6:00 | Scout Tower |
| 6:02 | Scout Tower |
| 6:04 | Scout Tower |
| 6:04 | Scout Tower |
| 6:05 | Scout Tower |
| 6:12 | Scout Tower |
| 6:22 | Keep |
| 6:29 | Guard Tower |
| 6:32 | Guard Tower |
| 6:42 | Guard Tower |
| 6:46 | Scout Tower |
| 6:51 | Scout Tower |
| 6:51 | Scout Tower |
| 6:52 | Scout Tower |
| 6:54 | Scout Tower |
| 6:54 | Scout Tower |
| 6:55 | Scout Tower |
| 6:57 | Guard Tower |
| 7:00 | Arcane Tower |
| 7:21 | Guard Tower |
| 7:24 | Guard Tower |
| 7:28 | Scout Tower |
| 7:29 | Scout Tower |
| 7:30 | Scout Tower |
| 7:30 | Scout Tower |
| 7:38 | Guard Tower |
| 7:40 | Scout Tower |
| 7:57 | Blizzard |
| 8:10 | Scout Tower |
| 8:10 | Scout Tower |
| 8:16 | Guard Tower |
| 8:17 | Scout Tower |
| 8:18 | Scout Tower |
| 8:18 | Scout Tower |
| 8:19 | Scout Tower |
| 8:28 | Guard Tower |
| 8:31 | Scout Tower |
| 8:32 | Scout Tower |
| 8:38 | Guard Tower |
| 8:44 | Guard Tower |
| 8:47 | Scout Tower |
| 8:51 | Guard Tower |
| 8:52 | Scout Tower |
| 8:55 | Guard Tower |
| 8:58 | Scout Tower |
| 9:00 | Scout Tower |
| 9:31 | Castle |
| 9:33 | Guard Tower |
| 10:06 | Guard Tower |
| 10:08 | Scout Tower |
| 10:16 | Peasant |
| 10:17 | Peasant |
| 10:21 | Storm Bolt |
| 10:23 | Arcane Sanctum |
| 10:25 | Advanced Masonry |
| 10:25 | Improved Lumber Harvesting |
| 10:28 | Scout Tower |
| 10:29 | Scout Tower |
| 10:29 | Scout Tower |
| 10:31 | Guard Tower |
| 10:33 | Guard Tower |
| 10:36 | Scout Tower |
| 10:36 | Scout Tower |
| 11:06 | Guard Tower |
| 11:12 | Guard Tower |
| 11:14 | Scout Tower |
| 11:15 | Scout Tower |
| 11:15 | Scout Tower |
| 11:16 | Scout Tower |
| 11:32 | Peasant |
| 11:32 | Peasant |
| 11:38 | Guard Tower |
| 11:46 | Guard Tower |
| 11:47 | Scout Tower |
| 11:48 | Scout Tower |
| 11:50 | Magic Sentry |
| 11:56 | Arcane Vault |
| 11:57 | Arcane Vault |
| 12:18 | Scout Tower |
| 12:19 | Scout Tower |
| 12:27 | Scout Tower |
| 12:28 | Scout Tower |
| 12:29 | Scout Tower |
| 12:29 | Scout Tower |
| 12:30 | Scout Tower |
| 12:30 | Scout Tower |
| 13:02 | Guard Tower |
| 13:12 | Scout Tower |
| 13:13 | Scout Tower |
| 13:13 | Scout Tower |
| 13:15 | Guard Tower |
| 13:21 | Holy Light |
| 13:24 | Guard Tower |
| 13:26 | Scout Tower |
| 13:29 | Staff of Sanctuary |
| 13:35 | Scout Tower |
| 13:35 | Scout Tower |
| 13:38 | Guard Tower |
| 14:03 | Staff of Sanctuary |
| 14:15 | Scout Tower |
| 14:16 | Scout Tower |
| 14:16 | Scout Tower |
| 14:42 | Scout Tower |
| 14:42 | Scout Tower |
| 14:43 | Scout Tower |
| 14:44 | Scout Tower |
| 14:44 | Scout Tower |
| 14:46 | Guard Tower |
| 14:48 | Scout Tower |
| 14:48 | Scout Tower |
| 14:49 | Scout Tower |
| 14:50 | Scout Tower |
| 14:51 | Scout Tower |
| 14:51 | Scout Tower |
| 14:53 | Imbued Masonry |
| 14:55 | Priest |
| 14:55 | Priest Adept Training |
| 15:06 | Guard Tower |
| 15:12 | Orb of Venom |
| 15:33 | Guard Tower |
| 15:59 | Scout Tower |
| 16:00 | Scout Tower |
| 16:00 | Scout Tower |
| 16:02 | Guard Tower |
| 16:03 | Scout Tower |
| 16:04 | Scout Tower |
| 16:04 | Scout Tower |
| 16:05 | Scout Tower |
| 16:06 | Scout Tower |
| 16:06 | Scout Tower |
| 16:07 | Scout Tower |
| 16:07 | Scout Tower |
| 16:08 | Guard Tower |
| 16:11 | Scout Tower |
| 16:12 | Scout Tower |
| 16:12 | Scout Tower |
| 16:13 | Scout Tower |
| 16:15 | Scout Tower |
| 16:16 | Scout Tower |
| 16:17 | Scout Tower |
| 16:17 | Scout Tower |
| 16:50 | Staff of Teleportation |
| 16:50 | Boots of Speed |
| 16:51 | Periapt of Vitality |
| 16:56 | Guard Tower |
| 16:57 | Guard Tower |
| 17:09 | Guard Tower |
| 17:09 | Scout Tower |
| 17:10 | Scout Tower |
| 17:11 | Scout Tower |
| 17:16 | Scout Tower |
| 17:16 | Scout Tower |
| 17:17 | Scout Tower |
| 17:18 | Scout Tower |
| 17:19 | Orb of Venom |
| 17:40 | Bash |
| 17:58 | Guard Tower |
| 18:10 | Scout Tower |
| 18:10 | Scout Tower |
| 18:12 | Guard Tower |
| 18:13 | Scout Tower |
| 18:14 | Scout Tower |
| 18:14 | Scout Tower |
| 18:15 | Scout Tower |
| 18:16 | Scout Tower |
| 18:17 | Scout Tower |
| 18:18 | Scout Tower |
| 18:20 | Scout Tower |
| 18:21 | Scout Tower |
| 18:22 | Scout Tower |
| 18:23 | Scout Tower |
| 18:25 | Guard Tower |
| 18:26 | Scout Tower |
| 18:27 | Scout Tower |
| 18:28 | Scout Tower |
| 18:46 | Staff of Sanctuary |
| 19:15 | Guard Tower |
| 19:17 | Scout Tower |
| 19:17 | Scout Tower |
| 19:20 | Guard Tower |
| 19:21 | Scout Tower |
| 19:23 | Scout Tower |
| 19:33 | Scout Tower |
| 19:34 | Scout Tower |
| 19:35 | Scout Tower |
| 19:36 | Scout Tower |
| 19:36 | Scout Tower |
| 19:40 | Guard Tower |
| 19:44 | Scout Tower |
| 19:45 | Scout Tower |
| 19:45 | Scout Tower |
| 19:46 | Scout Tower |
| 20:00 | Guard Tower |
| 20:01 | Scout Tower |
| 20:02 | Scout Tower |
| 20:02 | Scout Tower |
| 20:04 | Guard Tower |
| 20:07 | Scout Tower |
| 20:07 | Scout Tower |
| 20:08 | Scout Tower |
| 20:20 | Guard Tower |
| 20:26 | Guard Tower |
| 20:31 | Scout Tower |
| 20:32 | Scout Tower |
| 20:33 | Scout Tower |
| 20:39 | Scout Tower |
| 20:40 | Scout Tower |
| 20:41 | Scout Tower |
| 20:42 | Scout Tower |
| 20:42 | Scout Tower |
| 20:44 | Guard Tower |
| 20:45 | Scout Tower |
| 20:46 | Scout Tower |
| 20:47 | Scout Tower |
| 20:48 | Scout Tower |
| 20:54 | Orb of Venom |
| 21:33 | Brilliance Aura |
| 21:35 | Guard Tower |
| 21:39 | Guard Tower |
| 21:41 | Scout Tower |
| 21:42 | Scout Tower |
| 21:42 | Scout Tower |
| 21:47 | Guard Tower |
| 21:55 | Guard Tower |
| 22:28 | Scout Tower |
| 22:29 | Guard Tower |
| 22:34 | Guard Tower |
| 22:36 | Scout Tower |
| 22:37 | Scout Tower |
| 22:38 | Scout Tower |
| 22:43 | Circlet of Nobility |
| 22:45 | Boots of Speed |
| 22:45 | Staff of Teleportation |
| 22:54 | Periapt of Vitality |
| 22:58 | Guard Tower |
| 22:59 | Guard Tower |
| 23:02 | Scout Tower |
| 23:06 | Scout Tower |
| 23:07 | Guard Tower |
| 23:09 | Scout Tower |
| 23:10 | Scout Tower |
| 23:11 | Scout Tower |
| 23:11 | Scout Tower |
| 23:12 | Scout Tower |
| 24:09 | Guard Tower |
| 24:19 | Divine Shield |
| 24:35 | Lumber Mill |
| 24:49 | Storm Bolt |
| 24:52 | Guard Tower |
| 24:56 | Guard Tower |
| 25:00 | Scout Tower |
| 25:01 | Scout Tower |
| 25:02 | Scout Tower |
| 25:07 | Guard Tower |
| 25:11 | Scout Tower |
| 25:12 | Scout Tower |
| 27:14 | Priest |
| 29:37 | Guard Tower |
| 31:06 | Scout Tower |
| 31:07 | Scout Tower |
| 31:08 | Scout Tower |
| 31:08 | Scout Tower |
| 31:09 | Scout Tower |
| 31:09 | Scout Tower |
| 31:47 | Scout Tower |
| 31:48 | Scout Tower |
| 31:48 | Scout Tower |
| 31:49 | Scout Tower |
| 31:50 | Scout Tower |
| 32:17 | Holy Light |
| 32:27 | Guard Tower |
| 32:39 | Scout Tower |
| 32:41 | Scout Tower |
| 32:42 | Scout Tower |
| 32:44 | Scout Tower |
| 32:49 | Scout Tower |
| 32:50 | Scout Tower |
| 32:51 | Scout Tower |
| 32:51 | Scout Tower |
| 33:02 | Scout Tower |
| 33:03 | Scout Tower |
| 33:03 | Scout Tower |
| 33:04 | Scout Tower |
| 33:05 | Arcane Tower |
| 34:00 | Bash |
| 34:12 | Blizzard |
| 34:26 | Altar of Kings |
| 34:28 | Guard Tower |
| 34:30 | Scout Tower |
| 34:31 | Scout Tower |
| 34:32 | Scout Tower |
| 34:37 | Guard Tower |
| 34:40 | Scout Tower |
| 34:41 | Scout Tower |
| 34:41 | Scout Tower |
| 34:42 | Scout Tower |
| 34:57 | Guard Tower |
| 34:59 | Scout Tower |
| 35:01 | Scout Tower |
| 35:01 | Scout Tower |
| 35:05 | Guard Tower |
| 35:07 | Scout Tower |
| 35:08 | Scout Tower |
| 35:09 | Scout Tower |
| 36:08 | Priest |
| 36:09 | Priest Master Training |
| 36:41 | Guard Tower |
| 36:44 | Farm |
| 37:43 | Guard Tower |
| 37:45 | Scout Tower |
| 37:46 | Scout Tower |
| 37:50 | Scout Tower |
| 37:52 | Guard Tower |
| 38:08 | Farm |
| 38:10 | Farm |
| 38:13 | Guard Tower |
| 38:14 | Guard Tower |
| 38:16 | Farm |
| 38:20 | Guard Tower |
| 40:00 | Devotion Aura |
| 40:07 | Scout Tower |
| 40:08 | Scout Tower |
| 40:08 | Scout Tower |
| 40:09 | Scout Tower |
| 40:55 | Storm Bolt |
| Right click | 2998 |
| Select group | 2010 |
| Select | 558 |
| Build/train/purchase | 191 |
| Use ability | 186 |
| Chat | 168 |
| Misc. action | 101 |
| Minimap ping | 12 |
| Assign group | 9 |
| Esc | 5 |
| Resource trade | 5 |
| Item give/drop | 4 |
156 units @ 23.6k
/ 4k
68 buildings @ 8.8k
/ 3.8k



| Scroll of Regeneration | 5 | 500 |
| Potion of Healing | 1 | 150 |
| Scroll of Town Portal | 1 | 350 |
| Circlet of Nobility | 1 | 175 |
| total: | 8 | 1175g |
| Peasant | 26 | 1950 | / | 0 |
| Rifleman | 6 | 1230 | / | 180 |
| Dragonhawk Rider | 12 | 2400 | / | 360 |
| Gryphon Rider | 10 | 2800 | / | 700 |
| total: | 54 | 8380g | / | 1240w |
| Scout Tower | 3 | 90 | / | 60 |
| Arcane Tower | 2 | 140 | / | 100 |
| Altar of Kings | 1 | 180 | / | 50 |
| Farm | 13 | 1040 | / | 260 |
| Barracks | 1 | 160 | / | 60 |
| Lumber Mill | 2 | 240 | / | 0 |
| Blacksmith | 1 | 140 | / | 60 |
| Arcane Vault | 1 | 130 | / | 30 |
| Town Hall | 2 | 770 | / | 410 |
| Gryphon Aviary | 2 | 280 | / | 300 |
| Keep | 1 | 320 | / | 210 |
| Castle | 1 | 360 | / | 210 |
| total: | 26 | 3030g | / | 1230w |
| 0:02 | Peasant |
| 0:02 | Peasant |
| 0:08 | Altar of Kings |
| 0:20 | Farm |
| 0:22 | Peasant |
| 0:27 | Barracks |
| 0:38 | Peasant |
| 0:49 | Peasant |
| 1:03 | Farm |
| 1:08 | Lumber Mill |
| 1:12 | Peasant |
| 1:20 | Peasant |
| 1:34 | Peasant |
| 1:51 | Blacksmith |
| 2:02 | Farm |
| 2:07 | Peasant |
| 2:07 | Peasant |
| 2:15 | Summon Water Elemental |
| 2:22 | Peasant |
| 2:26 | Arcane Vault |
| 2:29 | Scout Tower |
| 2:41 | Peasant |
| 3:00 | Farm |
| 3:21 | Arcane Tower |
| 4:03 | Keep |
| 4:35 | Farm |
| 4:39 | Rifleman |
| 4:40 | Rifleman |
| 5:10 | Rifleman |
| 5:29 | Black Gunpowder |
| 5:32 | Farm |
| 5:40 | Brilliance Aura |
| 5:53 | Rifleman |
| 5:58 | Farm |
| 6:08 | Circlet of Nobility |
| 6:30 | Peasant |
| 6:31 | Peasant |
| 6:31 | Peasant |
| 6:33 | Improved Lumber Harvesting |
| 7:11 | Brilliance Aura |
| 7:21 | Peasant |
| 7:37 | Farm |
| 7:41 | Holy Light |
| 7:48 | Peasant |
| 7:49 | Peasant |
| 7:52 | Scroll of Regeneration |
| 8:06 | Town Hall |
| 8:35 | Long Rifles |
| 8:38 | Peasant |
| 8:53 | Peasant |
| 9:15 | Divine Shield |
| 9:23 | Castle |
| 9:45 | Rifleman |
| 9:49 | Gryphon Aviary |
| 10:24 | Gryphon Aviary |
| 10:26 | Studded Leather Armor |
| 10:30 | Peasant |
| 10:31 | Peasant |
| 10:32 | Peasant |
| 10:51 | Rifleman |
| 11:02 | Scout Tower |
| 11:05 | Scout Tower |
| 11:13 | Dragonhawk Rider |
| 11:21 | Farm |
| 11:22 | Farm |
| 11:25 | Blizzard |
| 11:38 | Reinforced Leather Armor |
| 11:40 | Iron Forged Swords |
| 11:47 | Peasant |
| 11:49 | Advanced Lumber Harvesting |
| 11:59 | Lumber Mill |
| 12:06 | Animal War Training |
| 12:09 | Cloud |
| 12:13 | Holy Light |
| 12:24 | Dragonhawk Rider |
| 12:25 | Dragonhawk Rider |
| 12:50 | Arcane Tower |
| 13:05 | Peasant |
| 13:05 | Peasant |
| 13:13 | Dragonhawk Rider |
| 13:35 | Gryphon Rider |
| 13:48 | Dragonhide Armor |
| 13:52 | Dragonhawk Rider |
| 14:16 | Storm Hammers |
| 14:17 | Gryphon Rider |
| 15:04 | Steel Forged Swords |
| 15:07 | Farm |
| 15:08 | Farm |
| 15:09 | Farm |
| 15:13 | Dragonhawk Rider |
| 15:53 | Gryphon Rider |
| 15:57 | Improved Masonry |
| 16:09 | Scroll of Regeneration |
| 16:10 | Scroll of Regeneration |
| 16:16 | Storm Bolt |
| 17:12 | Scroll of Town Portal |
| 17:26 | Mithril Forged Swords |
| 17:31 | Dragonhawk Rider |
| 18:23 | Gryphon Rider |
| 18:26 | Dragonhawk Rider |
| 19:24 | Town Hall |
| 20:35 | Devotion Aura |
| 20:38 | Advanced Masonry |
| 21:44 | Gryphon Rider |
| 21:50 | Scroll of Regeneration |
| 21:50 | Potion of Healing |
| 21:51 | Scroll of Regeneration |
| 22:21 | Refined Gunpowder |
| 22:22 | Imbued Masonry |
| 24:57 | Gryphon Rider |
| 25:20 | Imbued Gunpowder |
| 25:26 | Dragonhawk Rider |
| 26:19 | Dragonhawk Rider |
| 27:30 | Blizzard |
| 28:23 | Dragonhawk Rider |
| 32:19 | Gryphon Rider |
| 33:56 | Thunder Clap |
| 37:10 | Storm Bolt |
| 38:26 | Dragonhawk Rider |
| 38:32 | Gryphon Rider |
| 39:17 | Gryphon Rider |
| 39:49 | Gryphon Rider |
| Right click | 1184 |
| Select group | 819 |
| Select | 516 |
| Build/train/purchase | 207 |
| Use ability | 97 |
| Misc. action | 70 |
| Assign group | 47 |
| Item give/drop | 8 |
| Remove unit | 4 |

| Scroll of Town Portal | 1 | 350 |
| Scroll of Healing | 1 | 250 |
| Boots of Speed | 1 | 250 |
| total: | 3 | 850g |
| Wisp | 16 | 960 | / | 0 |
| Archer | 7 | 910 | / | 70 |
| Chimaera | 14 | 4620 | / | 980 |
| Hippogryph | 8 | 1280 | / | 160 |
| total: | 45 | 7770g | / | 1210w |
| Ancient Protector | 1 | 135 | / | 80 |
| Altar of Elders | 1 | 180 | / | 50 |
| Moon Well | 8 | 1440 | / | 320 |
| Ancient of War | 2 | 300 | / | 120 |
| Hunter's Hall | 1 | 210 | / | 100 |
| Ancient of Wonders | 1 | 90 | / | 30 |
| Tree of Life | 1 | 340 | / | 185 |
| Ancient of Wind | 1 | 150 | / | 140 |
| Chimaera Roost | 2 | 280 | / | 380 |
| Tree of Ages | 1 | 320 | / | 180 |
| Tree of Eternity | 1 | 330 | / | 200 |
| total: | 18 | 3125g | / | 1405w |
| 0:03 | Wisp |
| 0:11 | Altar of Elders |
| 0:14 | Moon Well |
| 0:16 | Wisp |
| 0:30 | Wisp |
| 0:48 | Ancient of War |
| 0:51 | Wisp |
| 0:56 | Wisp |
| 1:12 | Moon Well |
| 1:24 | Wisp |
| 1:48 | Wisp |
| 1:50 | Archer |
| 1:59 | Moon Well |
| 2:08 | Wisp |
| 2:10 | Archer |
| 2:27 | Chemical Rage |
| 2:36 | Archer |
| 2:48 | Hunter's Hall |
| 3:08 | Archer |
| 3:14 | Ancient of Wonders |
| 3:26 | Archer |
| 3:40 | Tree of Ages |
| 4:04 | Ancient Protector |
| 5:05 | Archer |
| 5:33 | Strength of the Moon |
| 5:43 | Acid Bomb |
| 6:01 | Wisp |
| 6:01 | Wisp |
| 6:02 | Wisp |
| 6:56 | Tree of Eternity |
| 7:46 | Ancient of War |
| 7:48 | Ancient of Wind |
| 7:50 | Improved Bows |
| 7:53 | Archer |
| 8:47 | Strength of the Wild |
| 9:19 | Chimaera Roost |
| 9:22 | Wisp |
| 9:22 | Wisp |
| 9:23 | Wisp |
| 9:52 | Chimaera Roost |
| 10:16 | Acid Bomb |
| 10:46 | Moon Well |
| 10:52 | Moon Well |
| 10:53 | Moon Well |
| 10:56 | Chimaera |
| 11:50 | Corrosive Breath |
| 11:51 | Wisp |
| 11:52 | Wisp |
| 12:35 | Chimaera |
| 12:35 | Chimaera |
| 13:15 | Chimaera |
| 13:19 | Moon Well |
| 13:21 | Moon Well |
| 13:23 | Scroll of Town Portal |
| 13:24 | Boots of Speed |
| 14:21 | Chimaera |
| 14:22 | Chimaera |
| 14:22 | Improved Strength of the Wild |
| 14:23 | Reinforced Hides |
| 15:06 | Chimaera |
| 16:05 | Chimaera |
| 16:51 | Advanced Strength of the Wild |
| 16:51 | Improved Reinforced Hides |
| 17:41 | Chimaera |
| 17:51 | Chemical Rage |
| 19:09 | Chimaera |
| 20:14 | Advanced Reinforced Hides |
| 21:02 | Ultravision |
| 21:03 | Chimaera |
| 21:32 | Scroll of Healing |
| 24:45 | Tree of Life |
| 29:03 | Hippogryph |
| 29:03 | Hippogryph |
| 29:41 | Hippogryph |
| 29:45 | Chimaera |
| 30:39 | Hippogryph |
| 31:11 | Hippogryph |
| 31:19 | Chimaera |
| 31:36 | Hippogryph |
| 33:43 | Hippogryph |
| 33:46 | Hippogryph |
| 34:25 | Chimaera |
| 35:50 | Acid Bomb |
| Right click | 3319 |
| Select | 575 |
| Select group | 303 |
| Chat | 290 |
| Build/train/purchase | 126 |
| Use ability | 53 |
| Assign group | 25 |
| Misc. action | 25 |
| Minimap ping | 15 |
| Remove unit | 1 |



| Lesser Clarity Potion | 1 | 70 |
| Scroll of Regeneration | 3 | 300 |
| total: | 4 | 370g |
| Peasant | 16 | 1200 | / | 0 |
| Footman | 3 | 405 | / | 0 |
| Rifleman | 5 | 1025 | / | 150 |
| Priest | 9 | 1215 | / | 90 |
| Mortar Team | 15 | 2700 | / | 1050 |
| Flying Machine | 9 | 900 | / | 270 |
| total: | 57 | 7445g | / | 1560w |
| Scout Tower | 1 | 30 | / | 20 |
| Arcane Tower | 1 | 70 | / | 50 |
| Barracks | 1 | 160 | / | 60 |
| Altar of Kings | 1 | 180 | / | 50 |
| Farm | 14 | 1120 | / | 280 |
| Arcane Vault | 1 | 130 | / | 30 |
| Blacksmith | 1 | 140 | / | 60 |
| Lumber Mill | 1 | 120 | / | 0 |
| Town Hall | 1 | 385 | / | 205 |
| Arcane Sanctum | 1 | 150 | / | 140 |
| Workshop | 2 | 280 | / | 280 |
| Keep | 1 | 320 | / | 210 |
| Castle | 1 | 360 | / | 210 |
| total: | 24 | 2695g | / | 1125w |
| 0:03 | Peasant |
| 0:12 | Barracks |
| 0:13 | Peasant |
| 0:16 | Altar of Kings |
| 0:20 | Farm |
| 0:26 | Peasant |
| 0:44 | Peasant |
| 0:54 | Farm |
| 0:59 | Peasant |
| 1:14 | Footman |
| 1:23 | Peasant |
| 1:33 | Farm |
| 1:36 | Peasant |
| 1:40 | Footman |
| 1:45 | Peasant |
| 1:59 | Footman |
| 2:08 | Peasant |
| 2:20 | Summon Water Elemental |
| 2:45 | Keep |
| 2:58 | Arcane Vault |
| 3:07 | Blacksmith |
| 3:19 | Farm |
| 3:20 | Farm |
| 3:38 | Scout Tower |
| 4:12 | Arcane Tower |
| 4:32 | Lesser Clarity Potion |
| 4:35 | Black Gunpowder |
| 4:36 | Rifleman |
| 4:46 | Lumber Mill |
| 4:49 | Farm |
| 5:21 | Rifleman |
| 5:32 | Brilliance Aura |
| 5:41 | Scroll of Regeneration |
| 5:56 | Arcane Sanctum |
| 6:00 | Long Rifles |
| 6:25 | Storm Bolt |
| 6:46 | Workshop |
| 6:48 | Improved Lumber Harvesting |
| 6:58 | Town Hall |
| 7:04 | Peasant |
| 7:09 | Scroll of Regeneration |
| 7:33 | Peasant |
| 7:36 | Priest |
| 8:05 | Bash |
| 8:08 | Summon Water Elemental |
| 8:23 | Mortar Team |
| 8:24 | Priest |
| 8:33 | Peasant |
| 8:43 | Mortar Team |
| 8:49 | Peasant |
| 8:51 | Farm |
| 8:58 | Farm |
| 9:15 | Mortar Team |
| 9:29 | Mortar Team |
| 10:09 | Mortar Team |
| 10:24 | Mortar Team |
| 10:24 | Priest |
| 10:29 | Mortar Team |
| 10:30 | Refined Gunpowder |
| 10:32 | Peasant |
| 10:34 | Peasant |
| 10:34 | Peasant |
| 10:59 | Mortar Team |
| 11:11 | Workshop |
| 11:37 | Mortar Team |
| 11:40 | Farm |
| 11:41 | Farm |
| 12:13 | Priest |
| 12:59 | Priest |
| 13:08 | Flying Machine |
| 13:30 | Flak Cannons |
| 13:31 | Flying Machine |
| 13:33 | Studded Leather Armor |
| 13:40 | Priest |
| 14:12 | Storm Bolt |
| 14:14 | Mortar Team |
| 14:23 | Mortar Team |
| 14:46 | Brilliance Aura |
| 14:53 | Flying Machine |
| 15:16 | Flying Machine |
| 15:18 | Reinforced Leather Armor |
| 15:19 | Castle |
| 16:09 | Farm |
| 16:10 | Farm |
| 16:53 | Flare |
| 17:21 | Mortar Team |
| 17:24 | Rifleman |
| 17:27 | Iron Plating |
| 17:40 | Priest |
| 18:16 | Fragmentation Shards |
| 19:04 | Priest |
| 19:06 | Imbued Gunpowder |
| 19:34 | Rifleman |
| 19:53 | Priest Adept Training |
| 20:08 | Mortar Team |
| 20:53 | Farm |
| 20:53 | Farm |
| 20:56 | Barrage |
| 20:57 | Priest Master Training |
| 21:24 | Devotion Aura |
| 21:59 | Bash |
| 22:07 | Summon Water Elemental |
| 22:26 | Dragonhide Armor |
| 24:07 | Rifleman |
| 24:14 | Divine Shield |
| 24:49 | Flying Machine |
| 25:07 | Flying Machine |
| 25:19 | Flying Machine |
| 25:41 | Flying Machine |
| 26:04 | Flying Machine Bombs |
| 26:56 | Flying Machine |
| 27:22 | Priest |
| 27:36 | Mortar Team |
| 29:43 | Mortar Team |
| 31:44 | Scroll of Regeneration |
| Right click | 1975 |
| Select | 762 |
| Select group | 649 |
| Build/train/purchase | 180 |
| Misc. action | 171 |
| Assign group | 119 |
| Use ability | 62 |
| Resource trade | 7 |
| Minimap ping | 6 |
| Remove unit | 2 |
⇛